General information
- name: Local Game (timg5strok)
- type: Custom game
- host: timg5strok
- saver: timg5strok
map: TurtleRock
- players: 2
- length: 16:12
- speed: Fast
- version: 1.24 W3XP
- replay type: Public
» download(116 KB)
Players
team 1 (winner)
timg5strok (
gray | 157 APM | 2542 actions | 16:12)
4 Archmage
2 Summon Water Elemental
2 Brilliance Aura
4 Mountain King
2 Storm Bolt
2 Bash
1 Pandaren Brewmaster
1 Breath of Fire
» actions
| Assign group hotkey | 40 | |
| Basic commands | 135 | |
| Build / train | 65 | |
| ESC pressed | 1 | |
| Enter build submenu | 26 | |
| Enter hero's abilities submenu | 9 | |
| Right click | 1134 | |
| Select / deselect | 274 | |
| Select group hotkey | 776 | |
| Use ability | 82 | |
2542 total
» units
| Peasant | 14 | |
| Footman | 9 | |
| Spell Breaker | 4 | |
| Priest | 3 | |
| Knight | 2 | |
32 total
» upgrades
| Priest Training | 2 | |
| Masonry | 1 | |
| Plating | 1 | |
| Animal War Training | 1 | |
| Lumber Harvesting | 1 | |
| Swords | 1 | |
| Control Magic | 1 | |
8 total
» buildings
| Altar of Kings | 1 | |
| Barracks | 1 | |
| Farm | 11 | |
| Scout Tower | 5 | |
| Arcane Tower | 3 | |
| Arcane Vault | 1 | |
| Keep | 1 | |
| Town Hall | 1 | |
| Lumber Mill | 1 | |
| Guard Tower | 1 | |
| Arcane Sanctum | 2 | |
| Castle | 1 | |
| Blacksmith | 1 | |
30 total
» build order
00:05 Altar of Kings
00:12 Barracks
00:27 Farm
01:12 Farm
01:49 Farm
01:56 Scout Tower
02:01 Farm
02:14 Farm
02:42 Arcane Tower
04:58 Arcane Vault
04:59 Keep
05:42 Town Hall
05:54 Scout Tower
05:59 Lumber Mill
06:07 Scout Tower
07:31 Guard Tower
07:32 Arcane Tower
08:08 Arcane Sanctum
08:18 Arcane Sanctum
08:38 Farm
08:41 Farm
10:15 Castle
10:47 Blacksmith
10:51 Farm
10:53 Farm
11:16 Farm
12:28 Farm
13:56 Scout Tower
14:35 Arcane Tower
15:51 Scout Tower
» items
| Scroll of Town Portal | 2 | |
| Scroll of Regeneration | 2 | |
| Boots of Speed | 1 | |
| Scroll of Healing | 1 | |
6 total
team 2 (loser)
ActionJackson2 (
red | 159 APM | 2574 actions | 16:11)
4 Archmage
2 Summon Water Elemental
2 Brilliance Aura
4 Mountain King
2 Storm Bolt
2 Bash
2 Paladin
1 Holy Light
1 Divine Shield
» actions
| Assign group hotkey | 52 | |
| Basic commands | 329 | |
| Build / train | 57 | |
| Enter build submenu | 22 | |
| Enter hero's abilities submenu | 10 | |
| Give item / drop item | 1 | |
| Remove unit from queue | 1 | |
| Right click | 737 | |
| Select / deselect | 351 | |
| Select group hotkey | 904 | |
| Use ability | 110 | |
2574 total
» units
| Peasant | 14 | |
| Footman | 5 | |
| Priest | 3 | |
| Knight | 5 | |
| Spell Breaker | 3 | |
30 total
» upgrades
| Defend | 1 | |
| Priest Training | 2 | |
| Animal War Training | 1 | |
| Swords | 1 | |
5 total
» buildings
| Altar of Kings | 1 | |
| Farm | 10 | |
| Barracks | 1 | |
| Scout Tower | 1 | |
| Keep | 1 | |
| Arcane Tower | 1 | |
| Arcane Vault | 1 | |
| Arcane Sanctum | 1 | |
| Castle | 1 | |
| Blacksmith | 1 | |
| Lumber Mill | 1 | |
20 total
» build order
00:06 Altar of Kings
00:12 Farm
00:24 Barracks
00:29 Farm
00:36 Farm
01:31 Farm
02:03 Scout Tower
02:27 Farm
04:23 Keep
04:24 Arcane Tower
04:36 Arcane Vault
06:12 Farm
07:38 Arcane Sanctum
08:15 Castle
08:33 Blacksmith
09:02 Lumber Mill
10:10 Farm
12:05 Farm
13:19 Farm
14:13 Farm
» items
| Lesser Clarity Potion | 1 | |
| Scroll of Regeneration | 1 | |
| Scroll of Town Portal | 2 | |
| Potion of Lesser Invulnerability | 1 | |
5 total
Chat log
(00:34 / All) timg5strok: gl hf
(00:41 / All) ActionJackson2: ugh
(00:44 / All) ActionJackson2: building placement
(00:45 / All) timg5strok: ive played one game
(00:47 / All) timg5strok: a week ago
(00:49 / All) timg5strok: then before that
(00:49 / All) timg5strok: sep 23
(01:00 / All) ActionJackson2: played 8 today
(01:02 / All) timg5strok: damn
(16:08 / All) ActionJackson2: gg
(16:10 / All) timg5strok: gg